 Dungeon Crawl Stone Soup version 0.31.0-9-g3a7656b989 (webtiles) character file.

Game seed: 13955252275566866948

237 qw the Shooter (level 5, -5/41 HPs)
             Began as a Demigod Hunter on Feb 2, 2024.
             Slain by Sigmund
             ... wielding a +0 scythe
              (11 damage)
             ... on level 4 of the Dungeon.
             The game lasted 00:00:09 (3241 turns).

qw the Shooter (Demigod Hunter)                     Turns: 3241, Time: 00:00:09

Health: -5/41      AC:  5    Str: 12    XL:     5   Next: 48%
Magic:  7/7        EV: 11    Int: 11    God:
Gold:   206        SH:  0    Dex: 21    Spells: 4/4 levels left

rFire   . . .        a - +0 shortbow
rCold   . . .        (shield currently unavailable)
rNeg    + . .        i - +0 ring mail
rPois   .            (no helmet)
rElec   .            (no cloak)
rCorr   .            (no gloves)
SInv    .            (no boots)
Will    .....        (no amulet)
Stlth   +            d - ring of positive energy
HPRegen 0.26/turn    (no ring)
MPRegen 0.10/turn

%: no passive effects
@: no status effects
A: high MP 1, forlorn, divine attributes
a: no special abilities


You were on level 4 of the Dungeon.
You visited 1 branch of the dungeon, and saw 4 of its levels.

You collected 206 gold pieces.


Innate Abilities, Weirdness & Mutations

You have an increased reservoir of magic. (+10% MP)
You shall have no god before yourself.
Your divine heritage dramatically boosts your attributes as you level up.


   Skills:
 + Level 2.0 Fighting
 - Level 6.0 Ranged Weapons
 - Level 1.6 Armour
 - Level 2.0 Dodging
 - Level 0.8 Stealth


You had 4 spell levels left.
You didn't know any spells.
Your spell library was empty.

Inventory:

Hand Weapons
 a - a +0 shortbow (weapon)
Armour
 i - a +0 ring mail (worn)
Jewellery
 d - a ring of positive energy (left hand)
Potions
 c - a potion of enlightenment
 g - 2 potions of might
 h - a potion of cancellation
 k - a potion of curing
 l - a potion of berserk rage {unknown}

Dungeon Overview and Level Annotations

Branches:
Dungeon (4/15)
 Temple: D:4-7

Shops:
D:1 :

Annotations:
D:4 Sigmund


Message History

Sigmund is lightly wounded.
You shoot an arrow. The arrow completely misses Sigmund.
Sigmund casts a spell at you. The puff of flame hits you.
You shoot an arrow. The arrow hits Sigmund!
Sigmund is heavily wounded.
Sigmund gestures wildly while chanting.
Sigmund flickers and vanishes!
Deactivating autopickup; reactivate with Ctrl-A.
You shoot an arrow.
You hear some strange, mumbled words.
You are confused.
You shoot an arrow. Something hits you.
You shoot an arrow. Something hits you.
You shoot an arrow. You shoot an arrow. Something hits you!
You shoot an arrow.
You feel less confused. Something hits you.
You shoot an arrow. Something hits you.
You shoot an arrow.
You hear some strange, mumbled words.
You are confused.
You shoot an arrow. Something hits you.
You shoot an arrow. Something hits you!
You shoot an arrow. You shoot an arrow. Something hits you.
You shoot an arrow. Something hits you.
You shoot an arrow.
You feel less confused. Something hits you!
You die...

#.........#####.#######
#...............#
.....#...########
..###.......#
#.......###.#
#####.#..##.# #.##.##.#
#....%..# #.@....(#
#.##.##.# #{ #.##.# #.
#.##.# #. #.##.# #.
.....# .. ..#### ## ###


There were no monsters in sight!

Vanquished Creatures
  A scorpion (D:4)
  2 jellies (D:4)
  An iguana (D:3)
  3 adders
  2 dart slugs
  A ribbon worm (D:2)
  7 ball pythons
  3 endoplasms
  6 giant cockroaches
  4 goblins
  9 hobgoblins
  4 kobolds
  A quokka (D:1)
  6 bats
  4 frilled lizards
  7 rats
61 creatures vanquished.

Notes
Turn   | Place    | Note
-------+----------+-------------------------------------------
     0 | D:1      | qw the Demigod Hunter began the quest for the Orb.
     0 | D:1      | Reached XP level 1. HP: 17/17 MP: 3/3
     0 | D:1      | 0 ||| qw: Version: 0.3-a-155-g5e7d8dd
     0 | D:1      | 0 ||| qw: Game counter: 50
     0 | D:1      | 0 ||| qw: Melee chars always use a shield: true
     0 | D:1      | 0 ||| qw: God list: Okawaru
     0 | D:1      | 0 ||| qw: Allow faded altars: false
     0 | D:1      | 0 ||| qw: Do Orc after clearing Dungeon:15 true
     0 | D:1      | 0 ||| qw: Do second Lair branch before Depths: true
     0 | D:1      | 0 ||| qw: Lair rune preference: random
     0 | D:1      | 0 ||| qw: Goals: Normal
     0 | D:1      | 0 ||| PLANNING D:1-11
    57 | D:1      | Reached skill level 4 in Ranged Weapons
    66 | D:1      | Reached XP level 2. HP: 16/24 MP: 4/4
   402 | D:1      | Found Ofanefra's Book Shoppe.
   611 | D:1      | 611 ||| UPGRADING to +0 ring mail.
   621 | D:1      | 621 ||| DROPPING +0 leather armour.
   622 | D:1      | 622 ||| UPGRADING to ring of positive energy.
   623 | D:1      | 623 ||| READING scroll labelled WOPSOE PAAL.
   624 | D:1      | 624 ||| READING 2 scrolls labelled PUPPIY YQ KAUG.
   624 | D:1      | 624 ||| IDENTIFYING fuming sapphire potion
   625 | D:1      | 625 ||| READING scroll of identify.
   625 | D:1      | 625 ||| IDENTIFYING fizzy orange potion
   626 | D:1      | 626 ||| DROPPING scroll of butterflies.
   645 | D:2      | Reached XP level 3. HP: 29/29 MP: 5/5
   905 | D:2      | Reached skill level 5 in Ranged Weapons
  1613 | D:2      | 1613 ||| DROPPING ring of wizardry.
  1614 | D:2      | 1614 ||| READING scroll of identify.
  1614 | D:2      | 1614 ||| IDENTIFYING fuming yellow potion
  1615 | D:2      | 1615 ||| READING 2 scrolls labelled POUKHA ITEXZUE.
  1662 | D:2      | 1662 ||| READING scroll labelled XYEGGU MADGHA.
  1663 | D:2      | 1663 ||| READING scroll labelled ZEARPH OREZUONI.
  1764 | D:2      | 1764 ||| DROPPING scroll of torment.
  1948 | D:3      | Reached XP level 4. HP: 35/36 MP: 6/6
  2225 | D:3      | Reached skill level 1 in Armour
  2701 | D:3      | 2701 ||| READING 2 scrolls of identify.
  2701 | D:3      | 2701 ||| IDENTIFYING cyan potion
  2702 | D:3      | 2702 ||| READING scroll of identify.
  2702 | D:3      | 2702 ||| IDENTIFYING lumpy dark potion
  2703 | D:3      | 2703 ||| READING scroll labelled VOSIUKLUICET.
  2706 | D:3      | 2706 ||| READING scroll labelled ZAKHLON CUME.
  2707 | D:3      | 2707 ||| READING scroll labelled BEMERUBEED.
  2708 | D:3      | 2708 ||| READING scroll labelled YGRITAK KURU.
  2709 | D:3      | 2709 ||| DROPPING potion of brilliance.
  2711 | D:3      | 2711 ||| Stepping ~*~*~tactically~*~*~ (cloud).
  2866 | D:4      | HP: 9/36 [scorpion (5)]
  2871 | D:4      | HP: 3/36 [scorpion (4)]
  2873 | D:4      | Reached XP level 5. HP: 4/41 MP: 7/7
  3184 | D:4      | Reached skill level 6 in Ranged Weapons
  3224 | D:4      | Noticed Sigmund
  3239 | D:4      | HP: 7/41 [something (5)]
  3241 | D:4      | Slain by Sigmund

Levels and vault maps discovered:
D:1:      dpeg_arrival_simpleton_c, layout_basic, serial_shops,
          nicolae_shop_just_a_little_nook
D:2:      layout_basic
D:3:      layout_basic, mainiacjoe_overflow_six_doors_small,
          mainiacjoe_overflow_paths, minmay_misc_feat_encased,
          minmay_diced_spiral
D:4:      layout_loops_cross, nicolae_yredelemnul_corpse_copse, serial_shops,
          nicolae_shop_hallway_plus, uniq_sigmund, uniq_crazy_yiuf_cottage,
          uniq_robin

Skill      XL: |  1  2  3  4  5 |
---------------+----------------+-----
Ranged Weapons | 4 5 6 |  6.0
Fighting       | 2 |  2.0
Dodging        | 2 |  2.0
Armour         | 1 |  1.6
Stealth        | |  0.8

Action                     |  1- 3 |  4- 6 || total
---------------------------+-------+-------++-------
   Fire: Shortbow          |   136 |    68 ||   204
    Use: Scroll            |     7 |     6 ||    13
 Armour: Leather armour    |    15 |       ||    15
         Ring mail         |    16 |    40 ||    56
  Dodge: Dodged            |    51 |    17 ||    68

Table legend:
 A = Non-vault XP
 B = Vault XP
 C = Vault XP percentage of total XP
 D = Non-vault monster count
 E = Vault monster count
 F = Vault count percentage of total count
                 A         B        C        D         E       F
            +---------+---------+-------+---------+---------+-------
      Total |     304 |      35 |  10.3 |      60 |       1 |   1.6
            +---------+---------+-------+---------+---------+-------
        D:1 |      44 |       0 |   0.0 |      25 |       0 |   0.0
        D:2 |      67 |       0 |   0.0 |      23 |       0 |   0.0
        D:3 |      13 |      35 |  72.9 |       7 |       1 |  12.5
        D:4 |     180 |       0 |   0.0 |       5 |       0 |   0.0
            +---------+---------+-------+---------+---------+-------
